Map: Cerulean Fall LE

Players

Yocto - Winner!

  • Race: Zerg Zerg
  • League: Platinum
  • Spawn Location: 1:00

cerevrus

  • Race: Terran Terran
  • League: Platinum
  • Spawn Location: 7:00

VOD

Have the link to the VOD?

Description

Time

  • Played on: Dec. 22, 2018, 10:03 a.m.
  • Length: 17:03
Show
View Real Time Build Order
Export as new Build Order

Yocto Zerg - Winner!

Build Orders: Hatch First 

Get SALT Encoding   

  12  0:01  Drone  
  13  0:13  Overlord  
  13  0:19  Drone  
  14  0:33  Drone x2  
  16  0:36  Drone  
  17  0:55  Hatchery  
  16  0:58  Drone  
  16  1:01  Extractor  
  16  1:04  Drone  
  17  1:20  Spawning Pool  
  17  1:22  Drone  
  17  1:26  Drone  
  17  1:32  Drone  
  19  1:43  Overlord  
  19  1:51  Drone  
  20  2:07  Queen  
  22  2:09  Zergling x4  
  22  2:10  Queen  
  22  2:15  Metabolic Boost  
  26  2:19  Drone  
  27  2:24  Drone  
  27  2:25  Drone  
  29  2:41  Drone x3  
  32  2:54  Queen  
  34  2:59  Queen  
  34  3:00  Baneling Nest  
  35  3:08  Overlord x2  
  35  3:11  Zergling x2  
  36  3:20  Overlord  
  36  3:21  Overlord  
  36  3:30  Zergling x10  
  41  3:43  Drone  
  41  3:45  Zergling x6  
  41  3:46  Zergling x2  
  46  3:53  Baneling  
  46  3:54  Baneling  
  46  3:55  Evolution Chamber  
  45  4:11  Zergling x2  
  45  4:12  Zergling x16  
  54  4:24  Queen, Spore Crawler  
  54  4:28  Spore Crawler  
  54  4:36  Drone x4  
  58  4:42  Zerg Melee Weapons Level 1  
  58  4:46  Drone  
  58  4:47  Drone  
  60  4:54  Baneling x4  
  60  4:59  Overlord  
  60  5:14  Overlord x4  
  49  5:42  Drone x6  
  55  5:43  Drone x2  
  55  5:48  Hatchery  
  56  6:00  Extractor  
  55  6:05  Extractor  
  54  6:16  Hatchery, Drone  
  54  6:17  Drone x2  
  56  6:20  Drone x3  
  59  6:34  Extractor  
  59  6:36  Drone x3  
  61  6:40  Drone x3  
  61  6:43  Baneling x3  
  64  6:47  Drone x2  
  64  6:48  Drone x5  
  71  6:59  Drone  
  71  7:00  Queen, Drone  
  75  7:13  Lair  
  61  7:25  Zergling x2  
  61  7:26  Zergling x16  
  61  7:27  Zergling x6  
  66  7:33  Zergling x4  
  66  7:36  Queen  
  69  7:43  Drone x6  
  75  7:49  Zergling x2  
  75  7:50  Zergling x2  
  77  8:02  Baneling x5  
  77  8:10  Evolution Chamber  
  76  8:20  Drone  
  76  8:21  Drone x13  
  90  8:29  Baneling x2  
  90  8:30  Hydralisk Den, Baneling x5  
  90  8:33  Zerg Ground Armor Level 1  
  88  8:37  Zergling x12  
  92  8:42  Extractor  
  92  8:45  Evolution Chamber, Drone x2  
  92  8:46  Drone  
  93  8:56  Queen  
  95  9:05  Zerg Melee Weapons Level 2  
  95  9:10  Centrifical Hooks  
  95  9:11  Zergling x2  
  95  9:12  Zergling x14  
  95  9:13  Overlord x3  
  95  9:14  Overlord  
  95  9:17  Muscular Augments  
  103  9:18  Hatchery  
  102  9:25  Zergling x2  
  102  9:27  Overlord x4  
  103  9:32  Extractor  
  103  9:37  Drone  
  103  9:49  Hydralisk  
  103  9:50  Hydralisk x6, Infestation Pit  
  103  9:51  Hydralisk  
  118  9:59  Overlord x3  
  118  10:10  Hydralisk  
  118  10:11  Hydralisk x3  
  126  10:14  Drone  
  126  10:15  Drone x3  
  126  10:17  Baneling  
  126  10:18  Baneling x4  
  130  10:29  Hive  
  130  10:33  Extractor, Drone  
  130  10:34  Queen, Drone x4  
  128  11:12  Zerg Ground Armor Level 2  
  128  11:41  Hydralisk x4, Grooved Spines  
  128  11:42  Hydralisk x8  
  128  11:43  Hydralisk  
  128  11:45  Zergling x4  
  128  11:46  Zergling x16  
  164  11:53  Ultralisk Cavern  
  163  11:55  Zerg Melee Weapons Level 3  
  163  11:59  Zergling x6  
  163  12:00  Zergling x16  
  174  12:02  Overlord x5  
  174  12:03  Overlord  
  174  12:11  Spire  
  173  12:35  Zergling x2  
  173  12:36  Zergling x32  
  166  12:49  Zergling x18  
  141  13:01  Queen  
  143  13:11  Baneling x2  
  143  13:21  Baneling x4  
  143  13:22  Baneling x7  
  143  13:28  Chitinous Plating  
  143  13:29  Ultralisk  
  143  13:30  Ultralisk x7  
  191  13:52  Extractor  
  190  14:03  Zerg Ground Armor Level 3  
  190  14:10  Greater Spire  
  190  14:13  Mutalisk x4  
  198  14:49  Anabolic Synthesis  
  198  14:51  Baneling  
  198  14:52  Baneling x23  
  181  15:26  Ultralisk x2  
  181  15:27  Zergling x4  
  181  15:28  Zergling x18  
  171  15:29  Zergling x44  
  200  15:51  Hatchery  
  200  15:56  Hatchery  
  186  16:08  Zergling x2  
  186  16:09  Zergling x26  
  186  16:10  Zergling x2  
  178  16:33  Zergling x2  
  178  16:34  Zergling x14  
Show
View Real Time Build Order
Export as new Build Order

cerevrus Terran 

Build Orders: Gas First Reaper Expand 

Get SALT Encoding   

  12  0:01  SCV  
  13  0:13  SCV  
  14  0:19  Supply Depot  
  14  0:25  SCV  
  15  0:34  Refinery  
  15  0:40  SCV  
  16  0:45  Barracks  
  16  0:53  SCV  
  17  1:05  SCV  
  18  1:17  SCV  
  19  1:32  Orbital Command  
  19  1:33  Reaper  
  19  1:36  Supply Depot  
  19  1:38  Refinery  
  20  1:48  Barracks  
  20  2:16  Command Center  
  20  2:18  Barracks Reactor, SCV  
  21  2:30  SCV  
  22  2:42  SCV  
  24  2:45  Barracks Tech Lab  
  23  2:55  SCV  
  23  2:57  Factory  
  24  3:02  Marine  
  24  3:03  Marine  
  24  3:04  Marine  
  27  3:07  SCV  
  28  3:19  SCV  
  29  3:20  Marine  
  29  3:26  Supply Depot  
  30  3:28  Marine x2  
  30  3:29  Supply Depot  
  30  3:31  SCV  
  30  3:32  Orbital Command  
  33  3:41  Factory Reactor, Starport  
  33  3:46  Stimpack  
  33  3:49  Marine  
  34  3:58  Marine x2  
  36  4:08  Marine  
  36  4:09  Orbital Command  
  37  4:15  Marine  
  38  4:22  SCV  
  39  4:30  Marine  
  40  4:34  SCV  
  41  4:48  SCV x2, Supply Depot x2  
  41  4:49  Supply Depot  
  41  4:50  Marine x2  
  45  5:00  SCV x2  
  45  5:06  Factory Tech Lab  
  47  5:07  Marine x2  
  47  5:12  SCV  
  47  5:13  SCV  
  47  5:27  Marine x3  
  47  5:28  SCV x2  
  52  5:40  SCV x2  
  54  5:44  Marine  
  54  5:47  Supply Depot  
  54  5:48  Medivac  
  57  5:50  Supply Depot  
  57  5:52  SCV x2, Supply Depot  
  57  5:54  Medivac  
  61  5:57  Marine x2  
  61  6:03  Siege Tank  
  66  6:04  Marine  
  66  6:06  SCV  
  68  6:16  Marine  
  68  6:17  Marine, SCV  
  71  6:18  SCV  
  71  6:22  Marine  
  73  6:47  SCV x2  
  75  6:58  Medivac x2  
  75  6:59  SCV x2  
  75  7:00  Siege Tank  
  84  7:01  Marine  
  84  7:02  Marine x2  
  87  7:11  SCV x2  
  89  7:19  Marine  
  90  7:23  SCV  
  76  7:37  Marine x3  
  76  7:46  Siege Tank  
  76  7:48  Medivac x2  
  83  7:55  Marine x3  
  83  7:56  Barracks  
  83  7:58  Barracks  
  86  7:59  Engineering Bay  
  86  8:00  Barracks, Engineering Bay  
  86  8:01  Armory, Barracks  
  86  8:06  SCV x2  
  86  8:07  Command Center  
  86  8:10  Refinery  
  86  8:12  Marine, Refinery  
  88  8:13  Marine x2  
  88  8:17  Factory  
  88  8:18  SCV x2, Siege Tank  
  96  8:30  Marine x2, SCV x2  
  100  8:36  Marine  
  101  8:41  Medivac x2  
  101  8:48  Marine  
  105  8:49  Supply Depot x2  
  105  8:51  Supply Depot, Siege Tank  
  105  8:52  Supply Depot  
  109  8:57  Terran Infantry Weapons Level 1  
  109  9:14  Barracks Reactor  
  109  9:15  Barracks Tech Lab x2, Barracks Reactor  
  109  9:20  Terran Infantry Armor Level 1  
  109  9:22  Marine x3  
  109  9:23  SCV x2  
  114  9:25  Orbital Command  
  114  9:35  SCV  
  115  9:45  Marine  
  115  9:46  Marine x3  
  115  9:47  Factory Tech Lab  
  115  9:49  Supply Depot  
  115  9:50  Supply Depot, Medivac x2  
  115  9:51  Supply Depot  
  123  9:53  Marine x4, Supply Depot  
  123  9:54  Marine, Supply Depot  
  128  10:00  Orbital Command  
  128  10:03  Marine x2  
  128  10:04  Marine x2  
  132  10:11  Marine  
  133  10:15  Marine x2  
  133  10:16  Marine, Marauder  
  138  10:21  Marine x2  
  138  10:22  Marauder x2, Medivac x2  
  138  10:24  Siege Tank  
  151  10:29  Marine, SCV x3  
  151  10:33  Marine x3  
  158  10:39  Refinery x2  
  158  10:41  Marine x3, SCV x3  
  164  10:43  Marine  
  165  10:53  SCV  
  165  10:56  Supply Depot  
  166  10:58  Supply Depot  
  166  10:59  Supply Depot  
  166  11:17  Siege Tank x2  
  172  11:25  Supply Depot x2  
  172  11:26  Supply Depot  
  172  11:28  Supply Depot  
  172  11:35  Marine x2  
  172  11:36  Marine x7  
  181  11:40  Medivac x2  
  181  11:43  Terran Infantry Weapons Level 2, Command Center  
  185  11:49  Siege Tank x2  
  185  11:53  Marine x3  
  185  11:54  Marine  
  195  12:10  Marine  
  195  12:11  Marine x4  
  183  12:50  Marine x6, Marauder  
  183  12:51  Marine x2  
  121  13:08  Marine x8  
  121  13:11  Marine  
  130  13:16  Orbital Command  
  130  13:20  Siege Tank  
  130  13:21  Siege Tank  
  130  13:26  Marine x8  
  144  13:29  Marine  
  145  13:42  Terran Infantry Armor Level 2  
  145  13:44  Marine x2  
  145  13:45  Marine x6  
  145  13:47  Marine, Barracks  
  154  13:53  Siege Tank x2  
  154  13:54  Terran Vehicle And Ship Armor Level 1  
  160  13:56  Barracks  
  160  14:00  Terran Infantry Weapons Level 3  
  160  14:01  Marine  
  160  14:02  Marine x2  
  162  14:03  Marine x2  
  165  14:12  Marine  
  165  14:13  Marine x3  
  169  14:19  Marine x2  
  169  14:20  Marine x2  
  169  14:21  Marine  
  174  14:46  Refinery x2  
  174  14:48  Supply Depot  
  174  14:51  Orbital Command  
  174  14:52  Supply Depot  
  174  14:53  Supply Depot x2  
  166  15:28  Marine x7, Marauder x2  
  119  15:36  Siege Tank x2  
  125  15:45  Marine  
  125  15:46  Marine x5  
  125  15:47  Marauder  
  125  15:49  Marauder x2  
  114  16:04  Marine x6  
  114  16:07  Marine  
  114  16:08  Siege Tank x2  
  114  16:10  Marine x2  
  108  16:22  Marine x4  
  99  16:26  Marine  
  99  16:28  Marine x3  
  99  16:29  Marauder  
  60  16:40  Marine x4  
  60  16:44  Marine  
Tags
 
Add a new tag
Caveats
  • Supply blocks, unpowered buildings, or Contaminate may cause inaccurate times.
  • Supply counts are checked every 10 seconds.